 Dungeon Crawl Stone Soup version 0.20-a0-309-gcba9277 (webtiles) character file.

109 Junicave the Digger (level 4, -1/24 HPs)
             Began as a Gargoyle Earth Elementalist on Dec 18, 2016.
             Slain by a gnoll
             ... wielding a cursed +0 spear
              (3 damage)
             ... on level 2 of the Dungeon.
             The game lasted 00:07:41 (3834 turns).

Junicave the Digger (Gargoyle Earth Elementalist)   Turns: 3834, Time: 00:07:42

Health: -1/24      AC:  7    Str: 11    XL:     4   Next: 90%
Magic:  0/9        EV: 11    Int: 17    God:
Gold:   132        SH:  0    Dex: 10    Spells: 6/10 levels left

rFire  . . .     SeeInvis .     f - -2 whip (curse)
rCold  . . .     Gourm    .     t - +0 leather armour
rNeg   + . .     Faith    .     (no shield)
rPois  ∞         Spirit   .     (no helmet)
rElec  +         Reflect  .     o - +0 cloak
rCorr  .         Harm     .     (no gloves)
MR     .....                    (no boots)
Stlth  ++........               (no amulet)
                                (no ring)
                                (no ring)

@: very slightly contaminated
A: negative energy resistance 1, electricity resistance, unbreathing,
petrification resistance, rot immunity, AC +3
a: no special abilities


You were on level 2 of the Dungeon.
You were not hungry.

You visited 1 branch of the dungeon, and saw 2 of its levels.

You collected 132 gold pieces.

Inventory:

Hand Weapons
 a - a +0 short sword
 f - a cursed -2 whip (weapon)
 p - a +1 dagger of venom
Missiles
 b - 138 stones (quivered)
Armour
 c - a +0 robe
 o - a +0 cloak (worn)
 t - a +0 leather armour (worn)
Jewellery
 r - a cursed -2 ring of intelligence {unknown}
Scrolls
 i - a scroll of identify {unknown}
 k - 5 scrolls of remove curse {unknown}
 n - a scroll of immolation {unknown}
 u - a scroll of teleportation {unknown}
Potions
 g - a potion of mutation {unknown}
 h - 2 potions of degeneration {unknown}
 j - a potion of curing {unknown}
Books
 e - a book of Geomancy

   Spells                             Type                      Level
   a - Sandblast                      Earth                        1
   b - Passwall                       Transmutation/Earth          2
   c - Stone Arrow                    Conjuration/Earth            3
   d - Petrify                        Transmutation/Earth          4
   e - Lee's Rapid Deconstruction     Earth                        5
Comestibles
 d - a bread ration
 l - 5 fruits
 m - a meat ration
 q - a chunk of flesh
 s - a slice of pizza


   Skills:
 - Level 1.5 Dodging
 - Level 2.1 Stealth
 * Level 3.5 Spellcasting
 * Level 2.1 Conjurations
   Level 0.7 Transmutations
 + Level 4.4 Earth Magic


You had 6 spell levels left.
You knew the following spells:

 Your Spells              Type           Power        Failure   Level  Hunger
a - Sandblast             Erth           ###...       4%          1    None
b - Stone Arrow           Conj/Erth      ##....       17%         3    ###....


Dungeon Overview and Level Annotations

Branches:
Dungeon (2/15)

Altars:


Innate Abilities, Weirdness & Mutations

You are resistant to torment.
Your stone body is resilient. (AC +3)
You are immune to poison.
You resist negative energy. (rN+)
You are resistant to electric shocks. (rElec)
You can survive without breathing.
You are immune to petrification.
You are immune to rotting.


Message History

Press: ? - help, Shift-Dir - straight line, f/p - gnoll
Aim: a gnoll, wielding a spear (severely wounded)
The blast of sand hits the gnoll.
The gnoll is almost dead.
The gnoll hits you from afar with a spear.
Casting: Sandblast
Confirm with . or Enter, or press ? or * to list all spells.
Aiming: Sandblast
Press: ? - help, Shift-Dir - straight line, f/p - gnoll
Aim: a gnoll, wielding a spear (severely wounded)
The blast of sand hits the gnoll.
The gnoll is almost dead.
The gnoll hits you from afar with a spear.
* * * LOW HITPOINT WARNING * * *
The gnoll hits you with a spear.
* * * LOW HITPOINT WARNING * * *
You closely miss the gnoll.
The gnoll is almost dead.
The gnoll hits you with a spear.
You die...

............# ##.......##
##.## )####(#.###.#
##.....## #.## .#
#.#.###.# ##...## #... .#
#....(..# ##'## #### ##
###.##### #.# # # #.# #.#
# # #.# ##.## ####### # #
#g# #######...###.....# #
#.# #..g@......##.###.###
#.#####.###.#...###.#
#.... #.......#
#.........###.###
#######.###.#######.....#
#.....# ####### #######


You could see a gnoll.

Vanquished Creatures
  Ijyb (D:2)
  An adder (D:2)
  An ooze (D:1)
  3 dart slugs (D:1)
  2 leopard geckos (D:1)
  8 hobgoblins
  3 jackals (D:1)
  4 ball pythons
  9 bats
  4 frilled lizards
  13 goblins
  9 kobolds
  2 rats (D:1)
60 creatures vanquished.

Notes
Turn   | Place    | Note
-------+----------+-------------------------------------------
     0 | D:1      | Junicave the Gargoyle Earth Elementalist began the quest for the Orb.
     0 | D:1      | Reached XP level 1. HP: 10/10 MP: 3/3
     3 | D:1      | Noticed an electric eel
    15 | D:1      | Noticed an electric eel
   229 | D:1      | Reached XP level 2. HP: 8/15 MP: 0/5
   427 | D:1      | Reached skill level 4 in Earth Magic
   697 | D:1      | Reached XP level 3. HP: 19/19 MP: 5/7
   702 | D:1      | Learned a level 3 spell: Stone Arrow
  1655 | D:1      | Reached skill level 1 in Conjurations
  2825 | D:2      | Reached XP level 4. HP: 24/24 MP: 5/8
  3174 | D:2      | Noticed Ijyb
  3198 | D:2      | Killed Ijyb
  3834 | D:2      | Slain by a gnoll

Vault maps used:
D:1:      arrival_aquarium_b
D:2:      kennysheep_the_goblin_king

Skill      XL: |  1  2  3  4 |
---------------+-------------+-----
Earth Magic    | 4 |  4.4
Spellcasting   | 3 |  3.5
Conjurations   | 1 2 |  2.1
Dodging        | |  1.5
Stealth        | |  2.1
Transmutations | |  0.7

Action                   |  1- 3 |  4- 6 || total
-------------------------+-------+-------++-------
Melee: Unarmed           |    21 |       ||    21
       Short sword       |    40 |    14 ||    54
       Whip              |       |    51 ||    51
 Cast: Sandblast         |    58 |    37 ||    95
 Stab: Sleeping          |     1 |     3 ||     4
  Eat: Chunk             |     5 |     4 ||     9
Armor: Robe              |    29 |    15 ||    44
       Leather armour    |       |    16 ||    16
Dodge: Dodged            |    49 |    49 ||    98
